 Dungeon Sprint DCSS version 0.22-a0-429-g97ce8ef (webtiles) character file.

55 raistware the Digger (level 3, 0/26 HPs)
             Began as a Demigod Earth Elementalist on May 25, 2018.
             Slain by an orc (1 damage)
             ... in the Dungeon (Sprint IX: "|||||||||||||||||||||||||||||").
             The game lasted 00:00:41 (238 turns).

raistware the Digger (Demigod Earth Elementalist)    Turns: 238, Time: 00:00:41

Health: 0/26       AC:  2    Str: 11    XL:     3   Next: 45%
Magic:  1/12       EV: 12    Int: 21    God:
Gold:   0          SH:  0    Dex: 16    Spells: 10/11 levels left

rFire    . . .     SeeInvis .   (no weapon)
rCold    . . .     Gourm    .   (no shield)
rNeg     . . .     Faith    .   c - +0 robe
rPois    .         Spirit   .   (no helmet)
rElec    .         Reflect  .   (no cloak)
rCorr    .         Harm     .   (no gloves)
MR       .....     NoTele   +   (no boots)
Stlth    ++........             (no amulet)
HPRegen  0.08/turn              (no ring)
MPRegen  0.13/turn              (no ring)

@: no status effects
A: high mp 1
a: no special abilities


You were in the Dungeon.
You were not hungry.

You visited 1 branch

Inventory:

Missiles
 b - 22 stones (quivered)
Armour
 c - a +0 robe (worn)
Scrolls
 j - a scroll of blinking
Potions
 e - a potion of curing
 f - a potion of heal wounds
 g - a potion of haste
 h - 2 potions of magic
 i - a potion of berserk rage
Comestibles
 d - a ration


   Skills:
 - Level 1.7 Dodging
 - Level 1.7 Stealth
 + Level 4.6 Spellcasting
   Level 0.8 Transmutations
 + Level 5.4 Earth Magic


You had 10 spell levels left.
You knew the following spells:

 Your Spells              Type           Power        Failure   Level  Hunger
a - Sandblast             Erth           ####..       1%          1    None

Your spell library contained the following spells:

 Spells                   Type           Power        Failure   Level  Hunger
 Stone Arrow              Conj/Erth      ###...       11%         3    ##.....
 Passwall                 Tmut/Erth      ###.....     4%          2    #......
 Lee's Rapid Deconstruct  Erth           ####......   32%         5    ######.
 Petrify                  Tmut/Erth      ###.....     30%         4    ####...


Dungeon Overview and Level Annotations

Branches:
Dungeon (1/1)


Innate Abilities, Weirdness & Mutations

You have an increased reservoir of magic. (+10% MP)


Message History

Increase (S)trength, (I)ntelligence, or (D)exterity?
You feel clever. x2
b - 23 stones You see here a kobold skeleton.
There is an open door to the Dungeon, spattered with blood here.
You see here a club.
There's a creature in the doorway!
Casting: Sandblast (safe; 1% risk of failure)
Confirm with . or Enter, or press ? or * to list all spells.
Aiming: Sandblast (safe; 1% risk of failure)
Press: ? - help, Shift-Dir - straight line, f - orc
Aim: an orc The blast of sand misses the orc.
The blast of sand hits the quokka.
You kill the quokka!
b - 22 stones The orc hits you.
* * * LOW HITPOINT WARNING * * *
Unknown command.
You closely miss the orc. The orc hits you.
You die... ▓▓▓▓▓▓▓▓▓▓▓▓▓▓▓▓▓▓ ▓<..@o.la..'.....+ ▓▓▓▓▓▓▓▓▓▓▓▓▓▓▓▓▓▓

You could see an iguana, a worker ant and an orc.

Vanquished Creatures
  A scorpion (D)
  2 leopard geckos (D)
  A hobgoblin (D)
  A quokka (D)
  A frilled lizard (D)
  A kobold (D)
7 creatures vanquished.

Notes
Turn   | Place    | Note
-------+----------+-------------------------------------------
     0 | D        | raistware the Demigod Earth Elementalist began the quest for the Orb.
     0 | D        | Reached XP level 1. HP: 14/14 MP: 5/5
     6 | D        | Reached skill level 3 in Earth Magic
   225 | D        | Noticed a scorpion
   225 | D        | Noticed an iguana
   225 | D        | Noticed a worker ant
   230 | D        | Killed a scorpion
   230 | D        | Reached skill level 5 in Earth Magic
   230 | D        | Reached XP level 2. HP: 4/20 MP: 1/10
   230 | D        | Reached XP level 3. HP: 5/26 MP: 1/11
   237 | D        | HP: 1/26 [orc (5)]
   238 | D        | Slain by an orc

Vault maps used:
D:        linesprint

Skill      XL: |  1 |
---------------+----+-----
Spellcasting   | 4 |  4.6
Earth Magic    | 5 |  5.4
Dodging        | |  1.7
Stealth        | |  1.7
Transmutations | |  0.8

Action                   || total
-------------------------++-------
Melee: Unarmed           ||    15
 Cast: Sandblast         ||     8
Armor: Robe              ||     1
Dodge: Dodged            ||    12

Table legend:
 A = Spawn XP
 B = Non-spawn XP
 C = Spawn XP percentage of total XP
 D = Spawn monster count
 E = Non-spawn monster count
 F = Spawn count percentage of total count
 G = Total turns spent on level
                    A         B        C        D         E        F      G
               +---------+---------+-------+---------+---------+-------+---------
         Total |       0 |      79 |   0.0 |       0 |       7 |   0.0 |   238
               +---------+---------+-------+---------+---------+-------+---------
             D |       0 |      79 |   0.0 |       0 |       7 |   0.0 |   238
               +---------+---------+-------+---------+---------+-------+---------
